 Dungeon Crawl Stone Soup version 0.24.0-123-gd5b16e6ec5 (webtiles) character file.

Game seed: 801443912884690442, levelgen mode: deterministic

43673 glosham the Bludgeoner (level 13, 0/109 HPs)
             Began as a Mummy Abyssal Knight on Dec 16, 2019.
             Was the Champion of Lugonu.
             Slain by a blink frog (9 damage)
             ... on level 6 of the Lair of Beasts on Dec 17, 2019.
             The game lasted 04:08:40 (13475 turns).

glosham the Bludgeoner (Mummy Abyssal Knight)      Turns: 13475, Time: 04:08:41

Health: 0/109      AC: 20    Str: 19    XL:     13   Next: 92%
Magic:  0/23       EV:  7    Int: 12    God:    Lugonu [******]
Gold:   648        SH:  0    Dex: 16    Spells: 12/12 levels left

rFire    x . .     SeeInvis .   a - +10 great mace of Hiwurr {speed, MP+9}
rCold    + . .     Gourm    .   (shield currently unavailable)
rNeg     + + +     Faith    .   X - +0 plate armour
rPois    ∞         Spirit   +   U - +2 helmet
rElec    .         Reflect  .   Y - scarf {Spirit}
rCorr    .         Harm     .   V - +1 pair of gloves
MR       ++...                  W - +2 pair of boots
Stlth    ..........             (no amulet)
HPRegen  0.28/turn              A - +4 ring of dexterity
MPRegen  0.18/turn              B - ring of protection from magic

@: no status effects
A: no food or potions, fire vulnerability, cold resistance 1, negative energy
resistance 3, torment resistance, unbreathing, in touch with death 1
a: Depart the Abyss, Bend Space, Banish, Corrupt, Enter the Abyss, Renounce
Religion


You were on level 6 of the Lair of Beasts.
You worshipped Lugonu.
Lugonu was exalted by your worship.
You were not hungry.

You visited 3 branches of the dungeon, and saw 18 of its levels.
You visited the Abyss 1 time.
You also visited: Sewer.

You collected 1602 gold pieces.
You spent 954 gold pieces at shops.

Inventory:

Hand Weapons
 a - the +10 great mace of Hiwurr (weapon) {speed, MP+9}
   (You bought it in a shop on level 4 of the Dungeon)

   Attacks with this weapon are significantly faster.
   It affects your magic capacity (+9).
 b - the +3 whip of Chagrin {slash, -Tele rElec rN++ Str+2}
   (You found it on level 9 of the Dungeon)

   It inflicts extra damage upon your enemies.
   It affects your strength (+2).
   It insulates you from electricity.
   It greatly protects you from negative energy.
   It prevents most forms of teleportation.
 c - a +3 longbow of flaming
 d - a +5 hand axe of distortion
 e - a +0 halberd
Missiles
 i - 257 arrows
 j - 88 bolts
 q - 77 sling bullets
 v - 10 curare-tipped darts (quivered)
Armour
 R - a +0 troll leather armour
 U - a +2 helmet (worn)
 V - a +1 pair of gloves (worn)
 W - a +2 pair of boots (worn)
 X - a +0 plate armour (worn)
 Y - a scarf of spirit shield (worn)
Magical Staves
 s - an uncursed staff of summoning
 w - an uncursed staff of wizardry {!a}
Jewellery
 z - an uncursed amulet of faith {!P}
 A - a +4 ring of dexterity (left hand)
 B - a ring of protection from magic (right hand)
 D - an uncursed ring of protection from fire
 I - an uncursed ring of see invisible
Wands
 f - a wand of flame (11)
 h - a wand of enslavement (2)
Scrolls
 k - 3 scrolls of teleportation
 l - a scroll of blinking
 m - 2 scrolls of vulnerability
 n - 2 scrolls of fear
 o - 12 scrolls of remove curse
 p - 11 scrolls of identify
 t - 2 scrolls of amnesia
 u - 2 scrolls of magic mapping
Miscellaneous
 g - a phantom mirror
 r - a phial of floods (inert)


   Skills:
 - Level 12.3 Fighting
 - Level 6.7(12.1) Axes
 * Level 15.3(15.8) Maces & Flails
 - Level 3.8 Armour
 - Level 2.8 Dodging
 - Level 1.5 Invocations


You had 12 spell levels left.
You didn't know any spells.
Your spell library contained the following spells:

 Spells                   Type           Power        Failure   Level  Hunger
 Magic Dart               Conj           #...         100%        1    N/A
 Poisonous Vapours        Pois/Air       #.....       100%        2    N/A
 Searing Ray              Conj           #.....       100%        2    N/A
 Conjure Flame            Conj/Fire      #.......     100%        3    N/A
 Dazzling Spray           Conj/Hex       #.....       100%        3    N/A
 Mephitic Cloud           Conj/Pois/Air  #.......     100%        3    N/A
 Force Lance              Conj/Tloc      #.......     100%        4    N/A
 Fulminant Prism          Conj/Hex       #.........   100%        4    N/A
 Iskenderun's Mystic Bla  Conj           #.......     100%        4    N/A
 Freezing Cloud           Conj/Ice/Air   #.........   100%        6    N/A
 Ring of Flames           Chrm/Fire      #.........   100%        7    N/A

Dungeon Overview and Level Annotations

Branches:
Dungeon (11/15)            Temple (0/1) D:7            Lair (6/6) D:9
 Shoals (0/4) Lair:2       Spider (0/4) Lair:2          Orc (1/2) D:11
  Sewer (visited)
  Slime: Lair:5-6

Altars:
Cheibriados
Dithmenos
Elyvilon
Fedhas
Gozag
Hepliaklqana
Makhleb
Sif Muna
Xom
The Shining One

Shops:
D:4 *!}   D:6 }   D:8 **%:

Portals:
Volcano: Lair:6


Innate Abilities, Weirdness & Mutations

You do not eat or drink.
Your flesh is vulnerable to fire.
You are immune to poison.
Your flesh is cold resistant. (rC+)
You are immune to negative energy. (rN+++)
You are immune to unholy pain and torment.
You can survive without breathing.
You are in touch with the powers of death.


Message History

You kill the yak!
Lugonu accepts your kill. The blink frog hits you!
* * * LOW HITPOINT WARNING * * *
You closely miss the blink frog.
The blink frog blinks!
You bludgeon the blink frog!!
The blink frog is severely wounded.
The blink frog hits you but does no damage.
You hit the blink frog.
The blink frog is severely wounded.
The blink frog blinks!
Items here: ††††††††††††† The blink frog blinks!
The blink frog blinks!
Found a dark tunnel.
Press: ? - help, v - describe, . - travel Some lava.
There is a cloud of black smoke here.
Press: ? - help, v - describe, . - travel Some lava.
There is a cloud of black smoke here.
Unknown command.
Okay, then.
Okay, then.
The blink frog blinks!
Keep disrobing?
You stop removing your armour.
The blink frog croaks.
You see here a lumpy cyan potion.
The blink frog hits you.
* * * LOW HITPOINT WARNING * * *
The blink frog blinks!
The blink frog blinks!
Found a ration.
The blink frog hits you!
* * * LOW HITPOINT WARNING * * *
You miss the blink frog.
Your plate armour prevents you from hitting the blink frog.
The blink frog hits you!
You die...

....# .#.≈..
#†.#####...≈..
#.##........≈
###†#....≈..≈.
.#≈####.....<.#.≈≈≈
.∩≈≈................
.#§§..........P..≈≈.
#######.!....##≈≈.≈
##.@F..# ... #....##
#. #....<...
#.....#.#...
...≈....## .#
....≈≈..## #
..%≈..≈...
....≈...≈#


You could see a blink frog.

Vanquished Creatures
  Rupert (Lair:4)
  Nessos (Lair:4)
  The ghost of DavidChitty2 the Cleaver, a journeyman MiFi of Okawaru (Lair:2)
  Harold (D:8)
  4 hydras
  A two-headed ogre (D:11)
  4 death yaks (Lair:6)
  An orc high priest (Orc:1)
  Nergalle (Lair:4)
  Sonja (Lair:4)
  An unseen horror (D:11)
  10 wizards (D:10)
  An ugly thing (D:11)
  2 orc sorcerers (Orc:1)
  An elephant (D:9)
  A merfolk siren (Lair:2)
  6 spiny frogs
  4 torpor snails
  8 komodo dragons
  4 trolls
  A hornet (D:11)
  7 blink frogs
  A dream sheep (Lair:5)
  7 hippogriffs
  The ghost of mortelune the Firebug, an amateur DEFE (D:5)
  2 redbacks (Lair:2)
  2 wyverns (Lair:2)
  3 basilisks
  35 yaks
  Eustachio (D:4)
  Menkaure (D:4)
  A warg (Orc:1)
  12 water moccasins
  8 porcupines
  15 orc warriors
  3 sky beasts
  An ice beast (D:6)
  A black bear (D:7)
  A hornet zombie (D:11)
  3 centaurs
  11 ogres
  3 big kobolds
  8 crocodiles
  13 bullfrogs
  2 wyvern skeletons
  2 scorpions
  5 killer bees (D:9)
  3 howler monkeys
  2 vampire bats (Lair:5)
  4 crimson imps
  A jelly (D:5)
  3 bullfrog skeletons
  7 hounds
  10 orc priests
  3 iron imps (D:3)
  19 orc wizards
  A centaur skeleton (D:9)
  2 iguanas
  Ijyb (D:4)
  3 hell rats (Lair:5)
  2 worker ants
  A hound zombie (D:6)
  A hound skeleton (D:4)
  Robin (D:1)
  A worker ant zombie (D:6)
  7 gnolls
  10 adders
  6 river rats (Lair:5)
  2 shadow imps
  An adder zombie (D:9)
  A dart slug (D:5)
  3 worms
  4 leopard geckos
  61 orcs
  4 ball pythons
  6 giant cockroaches
  8 goblins
  12 hobgoblins
  18 jackals
  14 kobolds
  7 quokkas
  14 bats
  3 frilled lizards
  A leopard gecko zombie (D:5)
  3 quokka zombies
  10 rats
  2 fungi
  5 plants (Lair:3)
471 creatures vanquished.

Vanquished Creatures (collateral kills)
  A yak (D:10)
  An ogre (D:10)
  A shadow imp (D:10)
3 creatures vanquished.

Vanquished Creatures (others)
  3 fungi
  2 plants
5 creatures vanquished.

Grand Total: 479 creatures vanquished

Notes
Turn   | Place    | Note
-------+----------+-------------------------------------------
     0 | Abyss:1  | glosham the Mummy Abyssal Knight began the quest for the
                  | Orb.
     0 | Abyss:1  | Reached XP level 1. HP: 18/18 MP: 2/2
     1 | Abyss:1  | Found a corrupted altar of Lugonu.
    10 | Abyss:2  | Found a corrupted altar of Lugonu.
    53 | Abyss:3  | Noticed a large abomination
    71 | Abyss:3  | Noticed a shining eye
    89 | Abyss:3  | Noticed a ynoxinul
    93 | D:1      | Escaped the Abyss
   254 | D:1      | Reached skill level 2 in Axes
   427 | D:1      | Reached XP level 2. HP: 24/24 MP: 3/3
   534 | D:1      | Reached * piety under Lugonu
   830 | D:2      | Reached XP level 3. HP: 23/29 MP: 4/4
   888 | D:2      | Reached skill level 3 in Axes
   993 | D:2      | Noticed Robin
  1021 | D:1      | Killed Robin
  1045 | D:2      | Reached XP level 4. HP: 21/35 MP: 5/5
  1212 | D:2      | Reached skill level 4 in Axes
  1382 | D:3      | Reached ** piety under Lugonu
  1382 | D:3      | Reached XP level 5. HP: 23/41 MP: 4/6
  1412 | D:3      | Found a glowing drain.
  1421 | Sewer    | Entered a sewer
  1516 | Sewer    | Reached skill level 5 in Axes
  1558 | Sewer    | Found a glowing silver altar of Zin.
  1707 | D:3      | Found a burning altar of Makhleb.
  1742 | D:3      | Reached XP level 6. HP: 34/47 MP: 5/7
  1950 | D:3      | Found a blossoming altar of Fedhas.
  1996 | D:4      | Noticed Menkaure
  2000 | D:4      | Found Peliec's Distillery.
  2009 | D:4      | Killed Menkaure
  2009 | D:4      | Reached skill level 6 in Axes
  2020 | D:4      | Found Jitufom's Gadget Boutique.
  2054 | D:4      | Found a hazy altar of Hepliaklqana.
  2180 | D:4      | Found an opulent altar of Gozag.
  2198 | D:4      | Noticed Ijyb
  2239 | D:4      | HP: 4/47 [Ijyb/puff of flame (11)]
  2243 | D:4      | Killed Ijyb
  2276 | D:4      | Reached XP level 7. HP: 9/52 MP: 5/8
  2287 | D:4      | Found a glowing golden altar of the Shining One.
  2333 | D:4      | Found Gurch's General Store.
  2370 | D:4      | Noticed Eustachio
  2395 | D:4      | Killed Eustachio
  2395 | D:4      | Reached skill level 4 in Fighting
  2503 | D:4      | Found a snail-covered altar of Cheibriados.
  2506 | D:4      | Found a white marble altar of Elyvilon.
  2509 | D:4      | Found a shimmering blue altar of Sif Muna.
  2576 | D:5      | Entered Level 5 of the Dungeon
  2712 | D:5      | Upgraded the game from 0.24.0-41-g2ae2f7f1be to
                  | 0.24.0-123-gd5b16e6ec5
  2720 | D:5      | Reached *** piety under Lugonu
  2765 | D:5      | Found a runed translucent door.
  2770 | D:5      | Noticed mortelune's ghost (amateur DEFE)
  2834 | D:5      | Reached skill level 5 in Fighting
  3091 | D:6      | Reached XP level 8. HP: 64/64 MP: 7/9
  3098 | D:6      | Reached skill level 6 in Fighting
  3133 | D:6      | HP: 4/64 [ogre/cursed +0 giant club (16)]
  3151 | D:6      | HP: 4/65 [gnoll/+0 whip (4)]
  3164 | D:6      | HP: 5/65 [gnoll (2)]
  3174 | D:6      | Found Lounof Sozu's Gadget Emporium.
  3287 | D:6      | Reached skill level 7 in Fighting
  3668 | D:7      | Found a staircase to the Ecumenical Temple.
  3706 | D:7      | Reached skill level 8 in Fighting
  3867 | D:7      | Noticed a hippogriff
  3879 | D:7      | Killed a hippogriff
  3955 | D:7      | Reached skill level 9 in Fighting
  3969 | D:7      | Reached XP level 9. HP: 38/76 MP: 7/10
  3983 | D:7      | Found a shadowy altar of Dithmenos.
  4092 | D:7      | Reached **** piety under Lugonu
  4292 | D:8      | Found a burning altar of Makhleb.
  4368 | D:8      | Found Mioxec's Assorted Antiques.
  4396 | D:8      | Reached skill level 10 in Fighting
  4456 | D:8      | Found a shimmering altar of Xom.
  4586 | D:8      | Found Zeoliose's Food Shop.
  4616 | D:8      | Noticed Harold
  4632 | D:8      | Killed Harold
  4632 | D:8      | Reached skill level 3 in Armour
  4693 | D:8      | Found Nedghugiat's Book Boutique.
  4769 | D:8      | Reached skill level 11 in Fighting
  4896 | D:8      | Found Bigh's Sacrilege Store.
  5018 | D:9      | Noticed a troll
  5154 | D:9      | Killed a troll
  5185 | D:9      | Reached skill level 1 in Dodging
  5185 | D:9      | Reached XP level 10. HP: 33/88 MP: 5/11
  5249 | D:9      | Noticed an elephant
  5256 | D:9      | Found a staircase to the Lair.
  5261 | D:9      | Killed an elephant
  5261 | D:9      | Reached skill level 12 in Fighting
  5261 | D:9      | Reached skill level 2 in Dodging
  5477 | D:9      | Identified the +3 whip of Chagrin {slash, -Tele rElec rN++
                  | Str+2} (You found it on level 9 of the Dungeon)
  5538 | D:9      | Identified the cursed +0 quarterstaff "Uggil" {holy, rPois
                  | MR- Str+2 Dex+5} (You found it on level 9 of the Dungeon)
  5668 | D:10     | Entered Level 10 of the Dungeon
  5722 | D:10     | Reached skill level 1 in Maces & Flails
  5747 | D:10     | Reached skill level 2 in Maces & Flails
  5954 | D:10     | Reached skill level 3 in Maces & Flails
  5962 | D:10     | Noticed a wizard
  5967 | D:10     | Killed a wizard
  5967 | D:10     | Reached skill level 4 in Maces & Flails
  5968 | D:10     | Noticed a wizard
  5970 | D:10     | Noticed a wizard
  5974 | D:10     | Killed a wizard
  6011 | D:10     | Killed a wizard
  6011 | D:10     | Reached skill level 5 in Maces & Flails
  6123 | D:10     | Reached ***** piety under Lugonu
  6245 | D:10     | Reached XP level 11. HP: 95/96 MP: 10/12
  6445 | D:10     | Noticed a wizard
  6450 | D:10     | Paralysed by a wizard for 3 turns
  6464 | D:10     | Killed a wizard
  6464 | D:10     | Reached skill level 6 in Maces & Flails
  6484 | D:10     | Noticed a wizard
  6489 | D:10     | HP: 7/96 [wizard/crystal spear (38)]
  6643 | D:5      | Killed mortelune's ghost
  6813 | D:10     | Noticed a wizard
  6844 | D:10     | Killed a wizard
  6870 | D:10     | Noticed a wizard
  6887 | D:10     | Killed a wizard
  6887 | D:10     | Reached skill level 7 in Maces & Flails
  6967 | D:10     | Noticed a wizard
  6991 | D:10     | Noticed a wizard
  6993 | D:10     | Paralysed by a wizard for 4 turns
  7004 | D:10     | Paralysed by a wizard for 3 turns
  7008 | D:10     | Killed a wizard
  7032 | D:10     | Killed a wizard
  7042 | D:10     | Noticed a wizard
  7103 | D:10     | Killed a wizard
  7103 | D:10     | Reached skill level 8 in Maces & Flails
  7111 | D:10     | Found the +3 warlock's mirror {reflect}
  7322 | D:10     | Killed a wizard
  7591 | D:11     | Noticed a white ugly thing
  7606 | D:11     | Killed a white ugly thing
  7619 | D:11     | Reached skill level 9 in Maces & Flails
  7780 | D:11     | Noticed a two-headed ogre
  7823 | D:11     | HP: 8/96 [hornet (13)]
  8028 | D:11     | Noticed an unseen horror
  8052 | D:11     | Killed an unseen horror
  8230 | D:11     | Found a staircase to the Orcish Mines.
  8473 | D:11     | Killed a two-headed ogre
  8576 | Orc:1    | Entered Level 1 of the Orcish Mines
  8624 | Orc:1    | Reached skill level 10 in Maces & Flails
  9038 | D:4      | Bought the +10 great mace of Hiwurr {speed, MP+9} for 954
                  | gold pieces
  9234 | Orc:1    | Reached XP level 12. HP: 103/103 MP: 13/13
  9355 | Orc:1    | Noticed an orc high priest
  9432 | Orc:1    | Killed an orc high priest
  9645 | Orc:1    | Reached skill level 11 in Maces & Flails
  9874 | Lair:1   | Entered Level 1 of the Lair of Beasts
  9877 | Lair:1   | Noticed a seven-headed hydra
  9888 | Lair:1   | Killed a seven-headed hydra
 10005 | Lair:1   | Reached ****** piety under Lugonu
 10018 | Lair:1   | Identified a +5 hand axe of distortion (a +3 hand axe
                  | corrupted by Lugonu)
 10018 | Lair:1   | Received a gift from Lugonu
 10156 | Lair:1   | Reached skill level 12 in Maces & Flails
 10267 | Lair:2   | Noticed a four-headed hydra
 10279 | Lair:2   | Killed a four-headed hydra
 10377 | Lair:2   | Found a hole to the Spider Nest.
 10515 | Lair:2   | Found a transporter.
 10533 | Lair:2   | Found a staircase to the Shoals.
 10592 | Lair:2   | Noticed DavidChitty2's ghost (journeyman MiFi)
 10595 | Lair:2   | Found a transporter.
 10791 | Lair:2   | Killed DavidChitty2's ghost
 10794 | Lair:2   | Reached skill level 13 in Maces & Flails
 10986 | Lair:3   | Gained mutation: You are in touch with the powers of death.
                  | [Mummy growth]
 10986 | Lair:3   | Reached XP level 13. HP: 59/109 MP: 14/14
 11797 | Lair:4   | Noticed Rupert
 11797 | Lair:4   | Noticed Nergalle
 11922 | Lair:4   | Killed Rupert
 11930 | Lair:4   | Found a snail-covered altar of Cheibriados.
 12061 | Lair:4   | HP: 10/109 [komodo dragon (13)]
 12062 | Lair:4   | HP: 4/109 [komodo dragon (6)]
 12139 | Lair:4   | Killed Nergalle
 12142 | Lair:4   | Reached skill level 14 in Maces & Flails
 12359 | Lair:4   | Noticed Sonja
 12360 | Lair:4   | Killed Sonja
 12395 | Lair:4   | Noticed Nessos
 12425 | Lair:4   | Killed Nessos
 13355 | Lair:6   | Entered Level 6 of the Lair of Beasts
 13404 | Lair:6   | Reached skill level 15 in Maces & Flails
 13456 | Lair:6   | HP: 10/109 [blink frog (9)]
 13466 | Lair:6   | Found a dark tunnel.
 13473 | Lair:6   | HP: 8/109 [blink frog (5)]
 13475 | Lair:6   | Slain by a blink frog

Levels and vault maps discovered:
D:1:      dpeg_arrival_tiny_c, layout_basic, minmay_misc_feat_enclosed
D:2:      layout_rooms, uniq_robin
D:3:      layout_rooms, demons_altar, fedhas_altar_fruit_tree,
          cheibrodos_sewer_entry_drain
D:4:      layout_cave_pools, nicolae_tso_swordbearing_angel,
          grunt_temple_overflow_diamond, grunt_gozag_breadcrumbs,
          kennysheep_mini, serial_shops, shop, nicolae_shop_stone,
          kennysheep_little_box, first_ration, uniq_menkaure, uniq_eustachio,
          uniq_ijyb
D:5:      layout_loops_ring, ebering_ghost_reflecting_pool
D:6:      layout_loops_ring, serial_shops, kennysheep_mini_moat, st_stairs_8
D:7:      layout_rooms, old_standard_altar, minmay_temple_entry_water_ring,
          grunt_ministairs_15, chequers_serial_rivers_micro_a
D:8:      layout_loops_corners, tgw_xom, serial_shops, shop,
          nicolae_shop_waterfront, shop, nicolae_evil_shop, uniq_harold
D:9:      layout_loops_ring, david_lair_generic
D:10:     minmay_smoke_and_mirrors, layout_stronghold
D:11:     layout_long_grid, erik_orc_3
Lair:1:   layout_misc_corridors
Lair:2:   layout_hall_layers, minmay_shoals_entry_lonely_mermaid,
          spider_nest_entry_a, gammafunk_ghost_arena
Lair:3:   layout_layer_cave, serial_forest, infiniplex_forest_lined_room_,
          infiniplex_forest_fountain, infiniplex_forest_lined_corner,
          infiniplex_forest_pool, infiniplex_forest_clump_cross
Lair:4:   layout_roguey, kennysheep_snail_temple, serial_bayou_shore_a,
          uniq_sonja, uniq_rupert, uniq_nessos, uniq_nergalle
Lair:5:   layout_layer_cave, roderic_batcave, kennysheep_abandoned_house,
          serial_bayou_shore_b, grunt_megastairs_5, serial_bayou_shore_b
Lair:6:   evil_forest, layout_loops_ring, nicolae_slime_entry_slimehenge,
          serial_rivers, chequers_serial_rivers_large_a,
          chequers_serial_rivers_small_3, chequers_serial_rivers_marsh,
          chequers_serial_rivers_micro_a, nicolae_volcano_entry_two_sided,
          infiniplex_staircase_pool
Orc:1:    layout_diamond_mine, mines4_lemuel

Skill      XL: |  1  2  3  4  5  6  7  8  9 10 11 12 13 |
---------------+----------------------------------------+-----
Axes           | 2 3 4 5 6 |  6.7
Fighting       | 5 9 11 12 | 12.3
Armour         | 3 |  3.8
Dodging        | 1 2 |  2.8
Maces & Flails | 5 10 13 15 | 15.3
Invocations    | |  1.5

Action                   |  1- 3 |  4- 6 |  7- 9 | 10-12 | 13-15 || total
-------------------------+-------+-------+-------+-------+-------++-------
Melee: Hand axe          |   113 |   237 |   447 |   304 |       ||  1101
       Whip              |       |       |       |     3 |       ||     3
       Dire flail        |       |       |       |   303 |       ||   303
       Great mace        |       |       |       |   280 |   330 ||   610
 Fire: Hunting sling     |       |       |    13 |    17 |       ||    30
Throw: Throwing net      |       |       |       |     1 |       ||     1
Invok: Depart the Abyss  |     1 |       |       |       |       ||     1
       Bend Space        |       |       |       |     1 |     1 ||     2
       Brand Weapon With |       |       |       |     1 |       ||     1
Evoke: Wand              |     6 |       |    20 |    40 |     9 ||    75
       Phial of floods   |       |       |       |     1 |     1 ||     2
  Use: Scroll            |     5 |     6 |       |    14 |     3 ||    28
 Stab: Held in net/web   |       |       |       |     1 |       ||     1
Armor: Leather armour    |     9 |       |       |       |       ||     9
       Ring mail         |    30 |    79 |       |       |       ||   109
       Plate armour      |       |    15 |   314 |   115 |   111 ||   555
       Scale mail        |       |     3 |       |       |       ||     3
       Troll leather arm |       |       |       |   200 |     3 ||   203
Dodge: Dodged            |    53 |   107 |   122 |   370 |    47 ||   699

Table legend:
 A = Turns spent in this place as a percentage of turns spent in the entire game.
 B = Non-inter-level travel turns spent in this place as a percentage of non-inter-level travel turns spent in the entire game.
 C = Inter-level travel turns spent in this place as a percentage of turns spent in this place.
 D = Turns resting spent in this place as a percentage of non-inter-level travel turns spent in this place.
 E = Turns spent auto-exploring this place as a percentage of non-inter-level travel turns spent in this place.
 F = Non-inter-level travel turns spent in this place divided by the number of levels of this place that you've seen.
                   A       B       C       D       E      F
               +-------+-------+-------+-------+-------+----------------------
         Total | 100.0 | 100.0 |  11.1 |   2.4 |   0.7 | 544.6
       Dungeon |  64.6 |  63.5 |  12.6 |   2.6 |   1.0 | 692.1
          Lair |  26.7 |  27.7 |   7.9 |   0.7 |   0.1 | 553.0
  Orcish Mines |   6.8 |   6.6 |  13.0 |   8.6 |   0.0 | 792.0
         Abyss |   0.7 |   0.8 |   0.0 |   0.0 |   0.0 |  31.0
         Sewer |   1.2 |   1.4 |   0.0 |   0.0 |   0.0 | 165.0
               +-------+-------+-------+-------+-------+----------------------

Table legend:
 A = Kills in this place as a percentage of kills in entire the game.
 B = Kills by you in this place as a percentage of kills by you in the entire game.
 C = Kills by friends in this place as a percentage of kills by friends in the entire game.
 D = Other kills in this place as a percentage of other kills in the entire game.
 E = Experience gained in this place as a percentage of experience gained in the entire game.
 F = Experience gained in this place divided by the number of levels of this place that you have seen.
                   A       B       C       D       E      F
               +-------+-------+-------+-------+-------+----------------------
         Total | 100.0 | 100.0 | 100.0 |   N/A | 100.0 | 2836.0
       Dungeon |  55.0 |  54.7 | 100.0 |   N/A |  33.2 | 1882.2
          Lair |  28.9 |  29.1 |   0.0 |   N/A |  58.2 | 6055.7
  Orcish Mines |  14.1 |  14.2 |   0.0 |   N/A |   8.4 | 5239.0
         Sewer |   1.9 |   1.9 |   0.0 |   N/A |   0.2 | 114.0
               +-------+-------+-------+-------+-------+----------------------

Levels and vault maps discovered:
D:1:      dpeg_arrival_tiny_c, layout_basic, minmay_misc_feat_enclosed
D:2:      layout_rooms, uniq_robin
D:3:      layout_rooms, demons_altar, fedhas_altar_fruit_tree,
          cheibrodos_sewer_entry_drain
D:4:      layout_cave_pools, nicolae_tso_swordbearing_angel,
          grunt_temple_overflow_diamond, grunt_gozag_breadcrumbs,
          kennysheep_mini, serial_shops, shop, nicolae_shop_stone,
          kennysheep_little_box, first_ration, uniq_menkaure, uniq_eustachio,
          uniq_ijyb
D:5:      layout_loops_ring, ebering_ghost_reflecting_pool
D:6:      layout_loops_ring, serial_shops, kennysheep_mini_moat, st_stairs_8
D:7:      layout_rooms, old_standard_altar, minmay_temple_entry_water_ring,
          grunt_ministairs_15, chequers_serial_rivers_micro_a
D:8:      layout_loops_corners, tgw_xom, serial_shops, shop,
          nicolae_shop_waterfront, shop, nicolae_evil_shop, uniq_harold
D:9:      layout_loops_ring, david_lair_generic
D:10:     minmay_smoke_and_mirrors, layout_stronghold
D:11:     layout_long_grid, erik_orc_3
Lair:1:   layout_misc_corridors
Lair:2:   layout_hall_layers, minmay_shoals_entry_lonely_mermaid,
          spider_nest_entry_a, gammafunk_ghost_arena
Lair:3:   layout_layer_cave, serial_forest, infiniplex_forest_lined_room_,
          infiniplex_forest_fountain, infiniplex_forest_lined_corner,
          infiniplex_forest_pool, infiniplex_forest_clump_cross
Lair:4:   layout_roguey, kennysheep_snail_temple, serial_bayou_shore_a,
          uniq_sonja, uniq_rupert, uniq_nessos, uniq_nergalle
Lair:5:   layout_layer_cave, roderic_batcave, kennysheep_abandoned_house,
          serial_bayou_shore_b, grunt_megastairs_5, serial_bayou_shore_b
Lair:6:   evil_forest, layout_loops_ring, nicolae_slime_entry_slimehenge,
          serial_rivers, chequers_serial_rivers_large_a,
          chequers_serial_rivers_small_3, chequers_serial_rivers_marsh,
          chequers_serial_rivers_micro_a, nicolae_volcano_entry_two_sided,
          infiniplex_staircase_pool
Orc:1:    layout_diamond_mine, mines4_lemuel
